 Dungeon Crawl Stone Soup version 0.25.1-8-g42b30a86e7 (webtiles) character file.

Game seed: 15976455554830368312

112 JohnSpartan the Chopper (level 4, 0/40 HPs)
             Began as a Hill Orc Fighter on Dec 16, 2020.
             Succumbed to an orc wizard's poison
             ... on level 3 of the Dungeon.
             The game lasted 00:05:52 (1930 turns).

JohnSpartan the Chopper (Hill Orc Fighter)          Turns: 1930, Time: 00:05:52

Health: 0/40       AC:  7    Str: 19    XL:     4   Next: 93%
Magic:  4/4        EV:  7    Int:  8    God:
Gold:   174        SH:  9    Dex: 10    Spells: 3/3 levels left

rFire    . . .     SeeInvis .   a - +0 war axe
rCold    . . .     Gourm    .   c - +0 kite shield
rNeg     . . .     Faith    .   b - +0 scale mail
rPois    .         Spirit   .   (no helmet)
rElec    .         Reflect  .   (no cloak)
rCorr    .         Harm     .   (no gloves)
MR       .....                  (no boots)
Stlth    ..........             (no amulet)
HPRegen  0.13/turn              (no ring)
MPRegen  0.09/turn              (no ring)

@: lethally poisoned (0 -> -18)
A: no striking features
a: no special abilities


You were on level 3 of the Dungeon.
You were not hungry.

You visited 1 branch of the dungeon, and saw 3 of its levels.

You collected 174 gold pieces.

Inventory:

Hand Weapons
 a - a +0 war axe (weapon)
Armour
 b - a +0 scale mail (worn)
 c - a +0 kite shield (worn)
Scrolls
 e - a scroll of amnesia {unknown}
 g - 2 scrolls of fear {unknown}
 h - 3 scrolls of identify {unknown}
 k - 5 scrolls of immolation {unknown}
 l - 2 scrolls of remove curse {unknown}
 m - a scroll of random uselessness {unknown}
 p - a scroll of teleportation {unknown}
 q - 2 scrolls of fog {unknown}
Potions
 d - a potion of might
 i - a potion of curing {unknown}
 n - a potion of lignification {unknown}
 o - a potion of brilliance {unknown}
Comestibles
 f - 6 rations
 j - 7 chunks of flesh


   Skills:
 + Level 4.2 Fighting
 + Level 4.7 Axes
 + Level 3.9 Armour
 + Level 0.2 Dodging
 + Level 3.9 Shields


You had 3 spell levels left.
You didn't know any spells.
Your spell library was empty.

Dungeon Overview and Level Annotations

Branches:
Dungeon (3/15)

Altars:
Qazlal


Message History

You hear some strange, mumbled words.
A magic dart appears from out of thin air!
The magic dart hits you.
You closely miss something.
You feel sick.
Something hits you but does no damage. x2
You are lethally poisoned!
You closely miss something.
You feel sick. Something hits you but does no damage.
You are more poisoned.
You hear some strange, mumbled words.
A puff of flame appears from out of thin air!
The puff of flame hits you but does no damage.
You feel sick.
You hear some strange, mumbled words.
A puff of frost appears from out of thin air!
The puff of frost hits you!
* * * LOW HITPOINT WARNING * * *
* * * LOW HITPOINT WARNING * * *
You feel sick.
You die...

#.......## #........
#.......### #.........#.#
#.........#.# .
#.........#.# ..
#...........# #.
...#....@......# #...
.....####.#....#+#.....
........#.#....#......#
........#{#.........#
#....o.o......#..###
...........###.##########
.####......#.............
.........#........#....
..........#........#....


There were no monsters in sight!

Vanquished Creatures
  2 orc priests (D:2)
  A worm (D:2)
  A dart slug (D:1)
  7 orcs
  4 goblins
  7 hobgoblins
  3 jackals (D:1)
  3 bats
  6 frilled lizards
  2 kobolds
  7 rats
43 creatures vanquished.

Notes
Turn   | Place    | Note
-------+----------+-------------------------------------------
     0 | D:1      | JohnSpartan the Hill Orc Fighter began the quest for the
                  | Orb.
     0 | D:1      | Reached XP level 1. HP: 19/19 MP: 1/1
   298 | D:1      | Reached XP level 2. HP: 27/27 MP: 2/2
  1285 | D:2      | Found a stormy altar of Qazlal.
  1308 | D:2      | Reached XP level 3. HP: 33/33 MP: 3/3
  1433 | D:2      | Reached XP level 4. HP: 33/40 MP: 4/4
  1929 | D:3      | HP: 2/40 [poisoned by an orc wizard]
  1930 | D:3      | Succumbed to an orc wizard's poison

Illustrated notes

Levels and vault maps discovered:
D:1:      dpeg_arrival_leaves_temple_mockup, layout_basic
D:2:      cheibrodos_pilgrimage, layout_basic, lemuel_crystal_altar,
          minmay_tromino_i4
D:3:      minmay_razor_zed, layout_basic, nicolae_overflow_crystal_walls,
          vehumet_crystals

Skill      XL: |  1  2  3 |
---------------+----------+-----
Axes           | 3 4 |  4.7
Fighting       | 4 |  4.2
Armour         | |  3.9
Dodging        | |  0.2
Shields        | |  3.9

Action                   |  1- 3 |  4- 6 || total
-------------------------+-------+-------++-------
Melee: War axe           |    75 |    45 ||   120
  Eat: Chunk             |     1 |     2 ||     3
Armor: Scale mail        |    30 |    17 ||    47
Dodge: Dodged            |    22 |    13 ||    35
Block: Kite shield       |    44 |    27 ||    71
